 Dungeon Crawl Stone Soup version 0.23.2 (webtiles) character file.

Game seed: 3221530587682806660

155 Borgoz the Covered (level 5, -6/49 HPs)
             Began as a Gargoyle Fighter on Mar 31, 2019.
             Mangled by an ogre
             ... wielding a +0 giant spiked club
              (12 damage)
             ... on level 3 of the Dungeon.
             The game lasted 00:06:24 (2365 turns).

Borgoz the Covered (Gargoyle Fighter)               Turns: 2365, Time: 00:06:25

Health: -6/49      AC: 22    Str: 19    XL:     5   Next: 37%
Magic:  5/5        EV:  2    Int:  9    God:
Gold:   94         SH:  0    Dex: 10    Spells: 4/4 levels left

rFire    . . .     SeeInvis .   a - +2 short sword (speed)
rCold    . . .     Gourm    .   (no shield)
rNeg     + + +     Faith    .   (armour currently unavailable)
rPois    ∞         Spirit   .   (helmet currently unavailable)
rElec    .         Reflect  .   (cloak currently unavailable)
rCorr    .         Harm     .   (gloves currently unavailable)
MR       .....     NoTele   +   (boots currently unavailable)
Stlth    ++........             o - amulet of inaccuracy (curse)
HPRegen  0.16/turn              h - ring of attention (curse)
MPRegen  0.09/turn              v - ring of stealth

@: tree-form
A: negative energy resistance 1, petrification resistance, rot immunity, AC +4
a: no special abilities


You were on level 3 of the Dungeon.
You were not hungry.
You were a tree.
You visited 1 branch of the dungeon, and saw 4 of its levels.

You collected 94 gold pieces.

Inventory:

Hand Weapons
 a - a +2 short sword of speed (weapon)
 b - a +0 short sword of holy wrath
 j - a +0 rapier
Missiles
 t - 5 tomahawks of dispersal (quivered)
Armour
 c - a +0 shield
 k - a +0 scale mail (melded)
Jewellery
 h - a cursed ring of attention (left branch)
 o - a cursed amulet of inaccuracy (around neck)
 q - an uncursed amulet of regeneration {unknown}
 v - a ring of stealth (right branch)
 w - an uncursed ring of resist corrosion {unknown}
Scrolls
 e - 4 scrolls of fear
 l - 2 scrolls of identify
 m - a scroll of magic mapping
 s - a scroll of enchant armour {unknown}
 x - a scroll of remove curse {unknown}
Potions
 d - a potion of might
 g - 2 potions of mutation
 n - a potion of brilliance {unknown}
 p - 2 potions of heal wounds {unknown}
 u - a potion of curing {unknown}
Comestibles
 f - 3 rations
 r - 4 chunks of flesh


   Skills:
 + Level 3.8 Fighting
 * Level 3.1 Short Blades
 + Level 3.9 Armour
 * Level 2.0 Dodging
 + Level 1.5 Stealth
 - Level 3.2 Shields


You had 4 spell levels left.
You didn't know any spells.
Your spell library was empty.

Dungeon Overview and Level Annotations

Branches:
Dungeon (4/15)
 Temple: D:4-7

Altars:
Cheibriados


Innate Abilities, Weirdness & Mutations

You are resistant to torment.
((Your stone body is resilient. (AC +4)))
You are immune to poison.
You resist negative energy. (rN+)
((You are resistant to electric shocks. (rElec)))
((You can survive without breathing.))
You are immune to petrification.
You are immune to rotting.


Message History

Really quaff the potion of lignification?
You turn into a tree.
Your +0 scale mail melds into your body.
Your roots penetrate the ground.
The ogre hits you with a +0 giant spiked club!
* * * LOW HITPOINT WARNING * * *
You hit the ogre.
The ogre is moderately wounded.
The orc wizard gestures wildly while chanting.
The orc wizard blinks!
You completely miss the ogre.
The ogre is moderately wounded.
The ogre hits you with a +0 giant spiked club.
* * * LOW HITPOINT WARNING * * *
You hit the ogre but do no damage.
The ogre is moderately wounded.
You closely miss the ogre.
The ogre is moderately wounded.
The ogre hits you with a +0 giant spiked club!
You die...

.#########.#....#
........##.#....#
.######.##.#...†### .#
#.#.........# .#
#.####....#.# .# #.#
#....#.#
.######.#########.#
.............####.#######
...........>.#oO♣.......#
##########.)...##.#####.#
###.....##....##.#
#.......#####....#
########.#.....# ######
.........#.....#
<....#####.....# .###.#
#.......# .#
#.###.#######


You could see an ogre and an orc.

Vanquished Creatures
  5 adders
  3 oozes
  5 worms
  2 dart slugs
  5 leopard geckos
  4 orcs (D:3)
  A ball python (D:2)
  7 bats
  3 giant cockroaches
  8 goblins
  7 hobgoblins
  10 kobolds
  3 quokkas (D:3)
  3 frilled lizards
  5 rats
71 creatures vanquished.

Notes
Turn   | Place    | Note
-------+----------+-------------------------------------------
     0 | D:1      | Borgoz the Gargoyle Fighter began the quest for the Orb.
     0 | D:1      | Reached XP level 1. HP: 14/14 MP: 1/1
    92 | D:1      | Reached XP level 2. HP: 7/19 MP: 2/2
   821 | D:1      | Reached XP level 3. HP: 23/23 MP: 3/3
   844 | D:2      | You fall through a shaft for 2 floors!
   849 | D:4      | Reached skill level 1 in Dodging
   856 | D:4      | Noticed an ogre
  1021 | D:2      | Reached skill level 1 in Stealth
  1288 | D:2      | Reached XP level 4. HP: 22/28 MP: 4/4
  1855 | D:3      | Found a snail-covered altar of Cheibriados.
  2032 | D:3      | Reached XP level 5. HP: 32/33 MP: 5/5
  2365 | D:3      | Mangled by an ogre

Skill      XL: |  1  2  3  4  5 |
---------------+----------------+-----
Short Blades   | 2 3 |  3.1
Dodging        | 1 2 |  2.0
Stealth        | 1 |  1.5
Fighting       | |  3.8
Armour         | |  3.9
Shields        | |  3.2

Action                   |  1- 3 |  4- 6 || total
-------------------------+-------+-------++-------
Melee: Rapier            |    42 |       ||    42
       Short sword       |   122 |   240 ||   362
  Use: Scroll            |     5 |     3 ||     8
       Potion            |       |     1 ||     1
  Eat: Chunk             |     1 |     4 ||     5
Armor: Scale mail        |    84 |    75 ||   159
Dodge: Dodged            |    61 |    72 ||   133
